 Dungeon Crawl Stone Soup version 0.28-a0-390-gb254ac4902 (webtiles) character file.

Game seed: 8359835073578404090

5880 funkygono the Arsonist (level 10, 0/52 HPs)
             Began as a Gargoyle Fire Elementalist on Sept 3, 2021.
             Was a Follower of Vehumet.
             Killed from afar by a catoblepas (2 damage)
             ... with a blast of calcifying dust
             ... on level 9 of the Dungeon.
             The game lasted 00:22:36 (11618 turns).

funkygono the Arsonist (GrFE)                      Turns: 11618, Time: 00:22:37

Health: 0/52       AC: 22    Str: 13    XL:     10   Next: 81%
Magic:  10/23      EV: 11    Int: 18    God:    Vehumet [*.....]
Gold:   1103       SH:  0    Dex: 10    Spells: 17/27 levels left

rFire   . . .      SeeInvis .   C - +4 eveningstar (freeze)
rCold   . . .      Faith    .   (no shield)
rNeg    + + .      Spirit   .   H - +1 acid dragon scales
rPois   ∞          Reflect  .   (no helmet)
rElec   +          Harm     .   (no cloak)
rCorr   +          Rampage  .   (no gloves)
Will    .....                   b - +2 pair of boots
Stlth   +.........              (no amulet)
HPRegen 0.17/turn               l - +4 ring of protection
MPRegen 0.18/turn               n - ring of positive energy

@: no status effects
A: sickness immunity, AC +7, negative energy resistance 1, electricity
resistance, torment resistance 1, petrification resistance
a: Renounce Religion


You were on level 9 of the Dungeon.
You worshipped Vehumet.
Vehumet was aware of your devotion.
You visited 2 branches of the dungeon, and saw 10 of its levels.
You also visited: Sewer.

You collected 1103 gold pieces.

Inventory:

Hand Weapons
 c - a +0 club
 d - a +1 whip
 C - a +4 eveningstar of freezing (weapon)
 G - a +0 flail of holy wrath
Missiles
 e - 260 stones
Armour
 a - a +0 robe
 b - a +2 pair of boots (worn)
 p - a +0 kite shield
 H - +1 acid dragon scales (worn)
Magical Staves
 h - a staff of poison
Jewellery
 k - a ring of positive energy
 l - a +4 ring of protection (left hand)
 n - a ring of positive energy (right hand)
 q - a ring of ice
 w - a +6 ring of dexterity
 A - a ring of protection from fire
 E - a ring of positive energy
 J - a ring of ice
Wands
 y - a wand of polymorph (6)
 F - a wand of paralysis (14)
 K - a wand of iceblast (8)
Scrolls
 o - 3 scrolls of teleportation
 r - a scroll of fear
 s - 4 scrolls of fog
Potions
 f - a potion of cancellation {unknown}
 g - 2 potions of resistance
 i - 3 potions of invisibility
 j - 4 potions of curing
 m - a potion of heal wounds {unknown}
 t - a potion of flight {unknown}
 u - a potion of mutation {unknown}
 v - a potion of attraction {unknown}
 x - a potion of magic {unknown}
 z - 3 potions of lignification
 B - 3 potions of berserk rage
 D - 5 potions of haste


   Skills:
 + Level 1.4 Fighting
 + Level 1.3 Maces & Flails
 * Level 2.8 Armour
 + Level 3.0 Dodging
 - Level 2.1 Stealth
 * Level 9.2 Spellcasting
 * Level 7.1 Conjurations
 * Level 10.1 Fire Magic


You had 17 spell levels left.
You knew the following spells:

 Your Spells              Type           Power      Damage    Failure   Level
a - Foxfire               Conj/Fire      100%       2x1d9     1%          1
b - Scorch                Fire           88%        2d9       1%          2
c - Conjure Flame         Conj/Fire      39%        6-21      1%          3
d - Flame Wave            Conj/Fire      39%        3d8       3%          4

Your spell library contained the following spells:

 Spells                   Type           Power      Damage    Failure   Level
 Magic Dart               Conj           100%       1d8       1%          1
 Inner Flame              Hex/Fire       26%        N/A       4%          3
 Corpse Rot               Necr/Air       N/A        N/A       19%         2
 Poisonous Vapours        Pois/Air       16%        N/A       19%         2
 Freezing Cloud           Conj/Ice/Air   8%         6-21      78%         5


Dungeon Overview and Level Annotations

Branches:
Dungeon (9/15)             Temple (1/1) D:6           Sewer (visited)
   Lair: D:8-11         Orc: D:9-12

Altars:
Ashenzari
Cheibriados
Dithmenos
Elyvilon
Fedhas
Gozag
Hepliaklqana
Kikubaaqudgha
Makhleb
Nemelex Xobeh
Okawaru
Qazlal
Ru
Sif Muna
Trog
Uskayaw
Vehumet
Wu Jian
Xom
Yredelemnul
Zin
The Shining One
Beogh

Annotations:
D:7 2 transporters, anonymous's ghost, novice NaFi


Innate Abilities, Weirdness & Mutations

You are immune to sickness and miasma.
Your stone body is resilient. (AC +7)
You are immune to poison.
You resist negative energy. (rN+)
You are resistant to electric shocks. (rElec)
You are resistant to unholy torment.
You are immune to petrification.


Message History

Flames lash the catoblepas.
The catoblepas is lightly wounded.
The catoblepas's fire resistance burns away.
The foxfire hits the catoblepas but does no damage.
The catoblepas is lightly wounded.
The foxfire hits the catoblepas but does no damage.
The catoblepas is lightly wounded.
Casting: Scorch (safe; 1% risk of failure)
Confirm with . or Enter, or press ? or * to list all spells.
Flames lash the catoblepas but do no damage.
The catoblepas gores you.
Casting: Scorch (safe; 1% risk of failure)
Confirm with . or Enter, or press ? or * to list all spells.
Flames lash the catoblepas but do no damage.
The catoblepas gores you but does no damage.
Unknown command.
Casting: Scorch (safe; 1% risk of failure)
Confirm with . or Enter, or press ? or * to list all spells.
Flames lash the catoblepas.
The catoblepas is burned terribly!
The catoblepas is lightly wounded.
The catoblepas is no longer more vulnerable to fire.
The catoblepas gores you!
Unknown command.
Casting: Scorch (safe; 1% risk of failure)
Confirm with . or Enter, or press ? or * to list all spells.
Flames lash the catoblepas.
The catoblepas is lightly wounded.
The catoblepas's fire resistance burns away.
The catoblepas gores you!
Unknown command.
Casting: Scorch (safe; 1% risk of failure)
Confirm with . or Enter, or press ? or * to list all spells.
Flames lash the catoblepas.
The catoblepas is burned terribly!
The catoblepas is moderately wounded.
The catoblepas gores you!
* * * LOW HITPOINT WARNING * * *
Unknown command.
The catoblepas breathes a plume of calcifying dust at you.
The blast of calcifying dust hits you.
You die...

....#...####.#
....#.......⌠.
....'...# ##.##
##
....#..###.#.#.#
.# #'###.###.##.#
.###.# #.#
#....###.###....#
..#
##...##...##.Y.#
.##
##..#..+..#§.##
## ##........@..#
#...........#
+...........#
#...........#
#.....<.....#
#...........#
#############


You could see a catoblepas (inflammable).

Vanquished Creatures
  A hydra (D:7)
  A hornet (D:8)
  Sigmund (D:2)
  Eustachio (D:4)
  2 steam dragons
  3 water moccasins
  An acid dragon (D:6)
  4 orc warriors (D:8)
  3 sky beasts
  5 black bears
  An ice beast (D:6)
  2 necrophages
  The ghost of Soel the Shooter, an amateur HuHu of Kikubaaqudgha (D:6)
  5 centaurs
  5 ogres
  2 phantoms
  2 kobold brigands
  2 bullfrogs (D:7)
  A gnoll sergeant (D:7)
  3 scorpions
  A water moccasin skeleton (D:5)
  A howler monkey (D:6)
  A bullfrog zombie (D:6)
  A centaur zombie (D:8)
  3 jellies
  2 hounds
  An orc priest (D:8)
  A centaur skeleton (D:6)
  3 iguanas
  11 orc wizards
  A killer bee zombie (D:6)
  A centaur simulacrum (D:9)
  A hound zombie (D:5)
  A hound skeleton (D:5)
  2 howler monkey zombies
  4 gnolls (D:7)
  8 adders
  3 shadow imps
  2 ufetubi (D:5)
  5 worms
  A dart slug (D:3)
  45 orcs
  8 ball pythons
  7 endoplasms
  4 giant cockroaches
  9 goblins
  9 hobgoblins
  5 jackals
  4 quokkas
  9 bats
  10 frilled lizards
  16 kobolds
  8 rats
234 creatures vanquished.

Vanquished Creatures (collateral kills)
  7 foxfires (D:5)
7 creatures vanquished.

Vanquished Creatures (others)
  857 foxfires
  7 fungi
  16 plants
880 creatures vanquished.

Grand Total: 1121 creatures vanquished

Notes
Turn   | Place    | Note
-------+----------+-------------------------------------------
     0 | D:1      | funkygono the Gargoyle Fire Elementalist began the quest
                  | for the Orb.
     0 | D:1      | Reached XP level 1. HP: 10/10 MP: 3/3
   177 | D:1      | Reached XP level 2. HP: 15/15 MP: 3/5
   721 | D:1      | Reached XP level 3. HP: 19/19 MP: 4/6
   736 | D:1      | Learned a level 2 spell: Scorch
  1060 | D:1      | Reached skill level 4 in Fire Magic
  1815 | D:2      | Reached XP level 4. HP: 24/24 MP: 2/7
  1819 | D:2      | Learned a level 3 spell: Conjure Flame
  2449 | D:2      | Noticed Sigmund
  2457 | D:2      | Killed Sigmund
  2458 | D:2      | Reached XP level 5. HP: 28/28 MP: 0/10
  2458 | D:2      | Reached XP level 6. HP: 32/32 MP: 0/11
  2463 | D:2      | Learned a level 4 spell: Flame Wave
  2738 | D:3      | Reached skill level 5 in Fire Magic
  3118 | D:3      | Found a shimmering altar of Xom.
  3123 | D:3      | Found a white marble altar of Elyvilon.
  3550 | D:4      | Reached XP level 7. HP: 36/36 MP: 4/13
  3740 | D:4      | Noticed Eustachio
  3807 | D:4      | You fall into a shaft and drop 1 floor!
  3807 | D:5      | Entered Level 5 of the Dungeon
  4686 | D:4      | Reached skill level 5 in Spellcasting
  4722 | D:4      | Killed Eustachio
  4723 | D:4      | Reached skill level 6 in Fire Magic
  4723 | D:4      | Reached XP level 8. HP: 42/42 MP: 1/15
  5694 | D:5      | Found a blossoming altar of Fedhas.
  5698 | D:5      | Found a stormy altar of Qazlal.
  6372 | D:6      | Found a glowing drain.
  6389 | D:6      | Reached skill level 1 in Maces & Flails
  6389 | D:6      | Reached skill level 5 in Conjurations
  6389 | D:6      | Reached skill level 7 in Fire Magic
  6396 | D:6      | Reached skill level 1 in Fighting
  6486 | Sewer    | Entered a sewer
  6701 | D:6      | Reached XP level 9. HP: 47/47 MP: 13/18
  6988 | D:6      | Reached skill level 8 in Fire Magic
  7404 | D:6      | Found a staircase to the Ecumenical Temple.
  7410 | Temple   | Entered the Ecumenical Temple
  7546 | Temple   | Became a worshipper of Vehumet
  7736 | D:6      | Noticed Soel's ghost (amateur HuHu)
  7737 | D:6      | Found a runed translucent door.
  7747 | D:6      | You fall into a shaft and drop 2 floors!
  7768 | D:8      | Noticed a hornet
  7773 | D:8      | Killed a hornet
  8028 | D:6      | Reached skill level 9 in Fire Magic
  8220 | D:6      | Reached XP level 10. HP: 52/52 MP: 14/21
  8700 | D:6      | Killed Soel's ghost
  8701 | D:6      | Reached skill level 1 in Armour
  9052 | D:7      | Noticed a five-headed hydra
  9059 | D:7      | Killed a five-headed hydra
  9500 | D:7      | Reached * piety under Vehumet
  9500 | D:7      | Offered knowledge of Magic Dart by Vehumet.
  9983 | D:7      | Noticed anonymous's ghost (novice NaFi)
  9983 | D:7      | Noticed a two-headed ogre
  9984 | D:7      | Found a transporter.
 10017 | D:7      | Found a transporter.
 10119 | D:7      | Identified 2 scrolls of acquirement
 10119 | D:7      | Acquired 537 gold pieces
 10121 | D:7      | Acquired a +4 eveningstar of freezing
 10622 | D:8      | Reached skill level 10 in Fire Magic
 11123 | D:8      | Found an iron altar of Okawaru.
 11489 | D:9      | Noticed a kobold demonologist
 11609 | D:9      | Noticed a catoblepas
 11617 | D:9      | HP: 2/52 [catoblepas (17)]
 11618 | D:9      | Killed from afar by a catoblepas

Illustrated notes

Levels and vault maps discovered:
D:1:      scummos_arrival_star, layout_loops_ring, minmay_misc_feat_room
D:2:      layout_loops_corners, minmay_lizard_pond, uniq_sigmund
D:3:      layout_rooms, minitemple, kennysheep_generic_room_5
D:4:      layout_gridville, gup_sewer_entry_bubbles, uniq_eustachio
D:5:      layout_loops_ring, grunt_temple_overflow_forces_of_nature
D:6:      layout_layer_cave, minmay_temple_entry_gardened_gates,
          portal_sewer_entry_a, hellmonk_ghost_happy_afterlife,
          dk_noncrumbling_3, minmay_alternating_orb
D:7:      layout_loops_corners, gammafunk_ghost_smash,
          hellmonk_bongcloud_opening, minmay_unpleasant_kobolds
D:8:      layout_loops_ring, okawaru_trees_1, special_room [special_room_orc],
          nicolae_zen_rock_garden
D:9:      layout_roguey, minmay_lair_entry_grove, kb_rosetta, uniq_pikel,
          uniq_grum
Temple:   minmay_crystal_spiral_temple

Skill      XL: |  1  2  3  4  5  6  7  8  9 10 |
---------------+-------------------------------+-----
Fire Magic     | 4 5 6 7 9 10 | 10.1
Conjurations   | 3 4 5 6 7 |  7.1
Spellcasting   | 3 4 5 6 7 9 |  9.2
Dodging        | 2 3 |  3.0
Maces & Flails | 1 |  1.3
Fighting       | 1 |  1.4
Armour         | 2 |  2.8
Stealth        | |  2.1

Action                   |  1- 3 |  4- 6 |  7- 9 | 10-12 || total
-------------------------+-------+-------+-------+-------++-------
Melee: Whip              |     5 |     4 |    66 |    26 ||   101
       Eveningstar       |       |       |       |     3 ||     3
 Cast: Foxfire           |    63 |    68 |   225 |   155 ||   511
       Scorch            |     6 |     3 |    40 |    45 ||    94
  Use: Scroll            |     2 |     4 |     4 |    11 ||    21
       Potion            |       |       |     1 |       ||     1
Armor: Robe              |     5 |     7 |   149 |       ||   161
       Acid dragon scale |       |       |       |    46 ||    46
Dodge: Dodged            |     9 |     7 |   179 |    33 ||   228

Table legend: (Time is in decaauts)
 A = Elapsed time spent in this place.
 B = Non-inter-level travel time spent in this place.
 C = Inter-level travel time spent in this place.
 D = Time resting spent in this place.
 E = Time spent auto-exploring this place.
 F = Levels seen in this place.
 G = Mean time per level.
                   A        B        C        D        E       F      G
               +--------+--------+--------+--------+--------+-----+--------+
         Total |  11657 |  11329 |    328 |    997 |   8305 |  11 | 1059.7 |
       Dungeon |  11314 |  11068 |    246 |    997 |   8097 |   9 | 1257.1 |
        Temple |    217 |    136 |     81 |      0 |    106 |   1 |  217.0 |
         Sewer |    124 |    124 |      0 |      0 |    102 |   1 |  124.0 |
               +--------+--------+--------+--------+--------+-----+--------+

Top non-repeatable levels by time:
     D:5: 1769 daAuts
     D:6: 1584 daAuts
     D:7: 1554 daAuts
     D:2: 1463 daAuts
     D:4: 1408 daAuts
     D:8: 1395 daAuts
     D:1: 1240 daAuts
     D:3: 825 daAuts
  Temple: 217 daAuts
   Sewer: 124 daAuts
     D:9: 74 daAuts
